 Dungeon Crawl Stone Soup version 0.23-a0-484-g29ba69c (webtiles) character file.

1105 Leeroy the Charmwright (level 8, -14/63 HPs)
             Began as a Gnoll Skald on Nov 29, 2018.
             Was an Initiate of Dithmenos.
             Demolished by Harold
             ... wielding a +0 hand axe
              (22 damage)
             ... on level 7 of the Dungeon on Nov 30, 2018.
             The game lasted 00:39:51 (3140 turns).

Leeroy the Charmwright (Gnoll Skald)                Turns: 3140, Time: 00:39:52

Health: -14/63     AC:  9    Str: 14    XL:     8   Next: 32%
Magic:  10/16      EV: 15    Int: 17    God:    Dithmenos [......]
Gold:   160        SH:  0    Dex: 15    Spells: 7/18 levels left

rFire    . . .     SeeInvis .   m - +4 dagger
rCold    . . .     Gourm    .   (no shield)
rNeg     . . .     Faith    .   b - +1 leather armour
rPois    .         Spirit   .   P - +2 hat
rElec    .         Reflect  .   E - +0 cloak
rCorr    .         Harm     .   (no gloves)
MR       .....                  (no boots)
Stlth    ++........             (no amulet)
HPRegen  0.20/turn              (no ring)
MPRegen  0.15/turn              (no ring)

@: about to teleport, marked, infused
A: distributed training, fangs 1, molten scales 1, evolution 1, strong nose
a: Renounce Religion


You were on level 7 of the Dungeon.
You worshipped Dithmenos.
Dithmenos was noncommittal.
You were not hungry.

You visited 1 branch of the dungeon, and saw 5 of its levels.

You collected 160 gold pieces.

Inventory:

Hand Weapons
 a - a +0 falchion
 c - a +0 whip
 e - a +0 dagger
 i - a +0 dagger
 j - a +0 dagger
 k - a +0 short sword
 l - a +0 whip of freezing
 m - a +4 dagger (weapon)
 n - a +0 whip
 q - a +0 club
 s - a +0 short sword
 x - a cursed -3 dagger
 y - a +0 short sword
 A - a +0 dagger
 D - a +0 club
 G - a +0 longbow
 H - a +0 club
 K - a +0 dagger
 T - a +0 flail
 W - a +0 short sword
Missiles
 g - 140 stones
 o - 31 bolts
 p - 4 throwing nets (quivered)
 r - 16 poisoned needles
 C - 91 arrows
 I - 47 sling bullets
Armour
 b - a +1 leather armour (worn)
 u - a +0 animal skin
 z - a +0 robe
 B - a +0 robe
 E - a +0 cloak (worn)
 J - a +0 leather armour
 P - a +2 hat (worn)
 R - a +0 leather armour
 X - a +0 animal skin
Magical Staves
 S - an uncursed staff of death
 U - an uncursed staff of summoning
Jewellery
 h - an uncursed ring of positive energy {unknown}
 t - an uncursed ring of ice {unknown}
 N - a +4 ring of dexterity {unknown}
 O - an uncursed ring of stealth {unknown}
 Q - a cursed ring of attention {unknown}
 V - a cursed ring of attention {unknown}
Wands
 f - a wand of paralysis (7)
Scrolls
 w - 5 scrolls of remove curse
Potions
 v - 2 potions of mutation
Comestibles
 d - 2 rations


   Skills:
 + Level 5.6 Fighting
 + Level 3.1 Short Blades
 + Level 5.6 Long Blades
 + Level 3.1 Axes
 + Level 3.1 Maces & Flails
 + Level 3.1 Polearms
 + Level 3.1 Staves
 + Level 3.1 Slings
 + Level 3.1 Bows
 + Level 3.1 Crossbows
 + Level 3.1 Throwing
 + Level 4.1 Armour
 + Level 5.6 Dodging
 + Level 3.1 Stealth
 + Level 3.1 Shields
 + Level 3.1 Unarmed Combat
 + Level 5.9 Spellcasting
 + Level 2.5 Conjurations
 + Level 2.5 Hexes
 + Level 6.0 Charms
 + Level 2.5 Summonings
 + Level 2.5 Necromancy
 + Level 2.5 Translocations
 + Level 2.5 Transmutations
 + Level 2.5 Fire Magic
 + Level 2.5 Ice Magic
 + Level 2.5 Air Magic
 + Level 2.5 Earth Magic
 + Level 2.5 Poison Magic
 + Level 3.4 Invocations
 + Level 3.1 Evocations


You had 7 spell levels left.
You knew the following spells:

 Your Spells              Type           Power        Failure   Level  Hunger
a - Infusion              Chrm           ####         1%          1    None
b - Regeneration          Chrm/Necr      ###.......   9%          3    ##.....
c - Spectral Weapon       Hex/Chrm       ###.....     9%          3    ##.....
d - Shroud of Golubria    Chrm/Tloc      ###.......   4%          2    None
e - Song of Slaying       Chrm           ####....     1%          2    None

Your spell library contained the following spells:

 Spells                   Type           Power        Failure   Level  Hunger


Dungeon Overview and Level Annotations

Branches:
Dungeon (7/15)             Temple (0/1) D:7

Altars:
Dithmenos
Gozag
Makhleb
Qazlal

Annotations:
D:7 Harold


Innate Abilities, Weirdness & Mutations

Your experience applies equally to all skills.
You have very sharp teeth.
Your uncanny sense of smell can sniff out nearby items.
You are partially covered in molten scales. (AC +2)
You evolve.


Message History

Okay, then.
That item cannot be evoked!
Okay, then.
Casting: Infusion (safe; 1% risk of failure)
Confirm with . or Enter, or press ? or * to list all spells.
Okay, then.
Okay, then.
Okay, then.
As you read the scroll of teleportation, it crumbles to dust.
You feel strangely unstable.
Unknown command.
Harold casts a spell at you.
You barely resist. You hit the hound! Your bite misses the hound.
The hound is heavily wounded.
The hound closely misses you.
You hit Harold. You bite Harold, but do no damage.
Harold is lightly wounded.
The hound misses you. Harold hits you with a +0 hand axe!!
You die...

.......(......##.⌠8.
∆....# ##....#.##....
#.#.# #............
#.#.# ###.########.
#.#.######.# #.
#..#.........# #.
###.#.######## #. #.#@#
####. #.#@# ###....
#.#h# #...... #.#.# #
#.#.#..
#####.#.#####......#.##.
..............#### #.##.
#.##..........# #.##.
###..###..## #.##. #.##
#..# #.##. #.#
#..#######.##.


You could see Harold and a hound.

Vanquished Creatures
  Pikel (D:7)
  A hungry ghost (D:7)
  A sky beast (D:7)
  An ice beast (D:7)
  A slave (D:7)
  An ogre (D:7)
  A bullfrog (D:7)
  A crimson imp (D:6)
  Jessica (D:2)
  A hound skeleton (D:7)
  3 adders
  4 worms
  2 dart slugs
  9 bats
  6 giant cockroaches
  8 goblins
  4 hobgoblins
  7 jackals (D:2)
  8 kobolds
  6 frilled lizards
  3 rats (D:1)
70 creatures vanquished.

Vanquished Creatures (others)
  A slave (D:7)
  A sky beast (D:7)
  An ogre (D:7)
  A centaur zombie (D:7)
  An orc (D:7)
5 creatures vanquished.

Grand Total: 75 creatures vanquished

Notes
Turn   | Place    | Note
-------+----------+-------------------------------------------
     0 | D:1      | Leeroy the Gnoll Skald began the quest for the Orb.
     0 | D:1      | Reached XP level 1. HP: 20/20 MP: 6/6
    84 | D:1      | Reached XP level 2. HP: 23/26 MP: 7/7
    99 | D:1      | Upgraded the game from 0.23-a0-481-g60b89c1 to
                  | 0.23-a0-484-g29ba69c
   651 | D:1      | Reached XP level 3. HP: 31/31 MP: 9/9
   682 | D:1      | Reached skill level 5 in Spellcasting
  1245 | D:2      | Reached skill level 1 in Invocations
  1262 | D:2      | Learned a level 3 spell: Regeneration
  1266 | D:2      | Learned a level 3 spell: Spectral Weapon
  1269 | D:2      | Learned a level 2 spell: Shroud of Golubria
  1272 | D:2      | Learned a level 2 spell: Song of Slaying
  1277 | D:2      | Found a shadowy altar of Dithmenos.
  1297 | D:2      | Became a worshipper of Dithmenos the Shadowed
  1385 | D:2      | Noticed Jessica
  1400 | D:2      | Killed Jessica
  1400 | D:2      | Reached skill level 1 in Short Blades
  1400 | D:2      | Reached skill level 1 in Axes
  1400 | D:2      | Reached skill level 1 in Maces & Flails
  1400 | D:2      | Reached skill level 1 in Polearms
  1400 | D:2      | Reached skill level 1 in Staves
  1400 | D:2      | Reached skill level 1 in Slings
  1400 | D:2      | Reached skill level 1 in Bows
  1400 | D:2      | Reached skill level 1 in Crossbows
  1400 | D:2      | Reached skill level 1 in Throwing
  1400 | D:2      | Reached skill level 1 in Stealth
  1400 | D:2      | Reached skill level 1 in Shields
  1400 | D:2      | Reached skill level 1 in Unarmed Combat
  1400 | D:2      | Reached skill level 1 in Evocations
  1400 | D:2      | Reached XP level 4. HP: 17/38 MP: 8/11
  1750 | D:2      | Reached skill level 1 in Conjurations
  1750 | D:2      | Reached skill level 1 in Hexes
  1750 | D:2      | Reached skill level 1 in Summonings
  1750 | D:2      | Reached skill level 1 in Necromancy
  1750 | D:2      | Reached skill level 1 in Translocations
  1750 | D:2      | Reached skill level 1 in Transmutations
  1750 | D:2      | Reached skill level 1 in Fire Magic
  1750 | D:2      | Reached skill level 1 in Ice Magic
  1750 | D:2      | Reached skill level 1 in Air Magic
  1750 | D:2      | Reached skill level 1 in Earth Magic
  1750 | D:2      | Reached skill level 1 in Poison Magic
  1955 | D:2      | Found an opulent altar of Gozag.
  2200 | D:3      | Reached XP level 5. HP: 16/43 MP: 12/12
  2378 | D:3      | You fall through a shaft for 3 floors!
  2378 | D:6      | Found a stormy altar of Qazlal.
  2378 | D:6      | Found a burning altar of Makhleb.
  2574 | D:6      | Noticed an ogre
  2579 | D:6      | HP: 1/43 [ogre/+0 giant club (26)]
  2580 | D:6      | Gained mutation: You are partially covered in molten
                  | scales. (AC +2) [potion of mutation]
  2580 | D:6      | Gained mutation: You evolve. [potion of mutation]
  2636 | D:7      | Noticed a slave
  2637 | D:7      | Noticed Pikel
  2637 | D:7      | Noticed a slave
  2638 | D:7      | Noticed a slave
  2640 | D:7      | Noticed a hungry ghost
  2641 | D:7      | Noticed a slave
  2656 | D:7      | Killed a hungry ghost
  2656 | D:7      | Reached XP level 6. HP: 20/50 MP: 10/14
  2661 | D:7      | Killed a slave
  2667 | D:7      | Killed Pikel
  2667 | D:7      | Reached skill level 5 in Fighting
  2667 | D:7      | Reached skill level 5 in Long Blades
  2667 | D:7      | Reached skill level 5 in Dodging
  2667 | D:7      | Reached XP level 7. HP: 34/56 MP: 11/15
  2672 | D:7      | Reached XP level 8. HP: 39/63 MP: 12/16
  2765 | D:7      | Found a staircase to the Ecumenical Temple.
  2783 | D:7      | Reached skill level 6 in Charms
  2787 | D:7      | Noticed Harold
  3140 | D:7      | Demolished by Harold

Vault maps used:
D:1:      dpeg_arrival_simpleton_b, minmay_fountain_box
D:2:      nicolae_dithmenos_through_a_glass_darkly,
          nicolae_overflow_hidden_temple, first_ration, uniq_jessica
D:6:      gammafunk_temple_overflow_pools, uniq_grinder
D:7:      minitemple, minmay_temple_entry_drinking_statues, uniq_pikel,
          uniq_harold

Skill      XL: |  1  2  3  4  5  6  7  8 |
---------------+-------------------------+-----
Spellcasting   | 5 |  5.9
Invocations    | 1 2 3 |  3.4
Short Blades   | 1 2 3 |  3.1
Axes           | 1 2 3 |  3.1
Maces & Flails | 1 2 3 |  3.1
Polearms       | 1 2 3 |  3.1
Staves         | 1 2 3 |  3.1
Slings         | 1 2 3 |  3.1
Bows           | 1 2 3 |  3.1
Crossbows      | 1 2 3 |  3.1
Throwing       | 1 2 3 |  3.1
Stealth        | 1 2 3 |  3.1
Shields        | 1 2 3 |  3.1
Unarmed Combat | 1 2 3 |  3.1
Evocations     | 1 2 3 |  3.1
Conjurations   | 1 2 |  2.5
Hexes          | 1 2 |  2.5
Summonings     | 1 2 |  2.5
Necromancy     | 1 2 |  2.5
Translocations | 1 2 |  2.5
Transmutations | 1 2 |  2.5
Fire Magic     | 1 2 |  2.5
Ice Magic      | 1 2 |  2.5
Air Magic      | 1 2 |  2.5
Earth Magic    | 1 2 |  2.5
Poison Magic   | 1 2 |  2.5
Armour         | 3 4 |  4.1
Fighting       | 5 |  5.6
Long Blades    | 5 |  5.6
Dodging        | 5 |  5.6
Charms         | 6 |  6.0

Action                   |  1- 3 |  4- 6 |  7- 9 || total
-------------------------+-------+-------+-------++-------
Melee: Falchion          |    33 |       |       ||    33
       Bite              |     8 |    17 |     4 ||    29
       Dagger            |    61 |   127 |    35 ||   223
       Flail             |       |    37 |       ||    37
       Punch             |       |     1 |     1 ||     2
       Staff             |       |     1 |       ||     1
       Whip              |       |       |     8 ||     8
Throw: Stone             |     2 |       |       ||     2
 Cast: Infusion          |     2 |     2 |     1 ||     5
       Spectral Weapon   |     1 |     1 |       ||     2
       Shroud of Golubri |       |       |     1 ||     1
  Use: Scroll            |       |     6 |     4 ||    10
       Potion            |       |     4 |     1 ||     5
 Stab: Sleeping          |     1 |       |     1 ||     2
       Distracted        |     1 |       |       ||     1
       Paralysed         |       |     2 |       ||     2
       Invisible         |       |     2 |       ||     2
  Eat: Chunk             |     1 |     4 |     2 ||     7
       Ration            |       |     2 |       ||     2
Armor: Leather armour    |    19 |    38 |    13 ||    70
       Skin              |       |    13 |     1 ||    14
Dodge: Dodged            |    91 |   120 |    26 ||   237
       Rpst.: Falchion   |    10 |       |       ||    10

Table legend:
 A = Non-vault XP
 B = Vault XP
 C = Vault XP percentage of total XP
 D = Non-vault monster count
 E = Vault monster count
 F = Vault count percentage of total count
                 A         B        C        D         E       F
            +---------+---------+-------+---------+---------+-------
      Total |     879 |     700 |  44.3 |      67 |       2 |   2.9
            +---------+---------+-------+---------+---------+-------
        D:1 |      46 |       0 |   0.0 |      28 |       0 |   0.0
        D:2 |      78 |      37 |  32.2 |      25 |       1 |   3.8
        D:3 |      25 |       0 |   0.0 |       6 |       0 |   0.0
        D:6 |      50 |       0 |   0.0 |       1 |       0 |   0.0
        D:7 |     680 |     663 |  49.4 |       7 |       1 |  12.5
            +---------+---------+-------+---------+---------+-------
